TOP OF THE 1ST |
Red Deer Wranglers batting - Pitching for Casper Ghosts : RHP Larry Jenkins
|
Pitching: RHP Larry Jenkins
|
|
Batting: RHB Xavier López
|
0-0: Called Strike 0-1: Ball 1-1: Foul Ball, location: 2F 1-2: Strikes out swinging
|
Batting: LHB Jorge Olvera
|
0-0: Ball 1-0: Ball 2-0: Swinging Strike 2-1: Foul Ball, location: 2F 2-2: Strikes out swinging
|
Batting: RHB Ricardo González
|
0-0: Ball 1-0: Called Strike 1-1: Swinging Strike 1-2: Strikes out swinging
|
Top of the 1st over - 0 run(s), 0 hit(s), 0 error(s), 0 left on base; Red Deer 0 - Casper 0 |
BOTTOM OF THE 1ST |
Casper Ghosts batting - Pitching for Red Deer Wranglers : RHP José Ramos
|
Pitching: RHP José Ramos
|
|
Batting: RHB James Jenkins
|
0-0: Foul Ball, location: 2F 0-1: Ball 1-1: Fly out, F8 (Line Drive, 8LM)
|
Batting: RHB Júlio Sánchez
|
0-0: Foul Ball, location: 2F 0-1: Fly out, F8 (Flyball, 89M)
|
Batting: SHB Dave Henley
|
0-0: Ball 1-0: Ground out 5-3 (Groundball, 5S)
|
Bottom of the 1st over - 0 run(s), 0 hit(s), 0 error(s), 0 left on base; Red Deer 0 - Casper 0 |
TOP OF THE 2ND |
Red Deer Wranglers batting - Pitching for Casper Ghosts : RHP Larry Jenkins
|
Batting: LHB Andrew Veeck
|
0-0: Ball 1-0: Ball 2-0: Foul Ball, location: 2F 2-1: Ball 3-1: Foul Ball, location: 2F 3-2: SINGLE (Line Drive, 7S)
|
Batting: RHB Luis Ibarra
|
0-0: Called Strike 0-1: Ball 1-1: Foul Ball, location: 2F 1-2: Foul Ball, location: 2F 1-2: Foul Ball, location: 2F 1-2: Fly out, F9 (Flyball, 89S)
|
Batting: SHB Robbie Rhodes
|
0-0: Ball 1-0: SINGLE (Flyball, 78S) Andrew Veeck to second
|
Batting: RHB Ben Fisher
|
0-0: Swinging Strike 0-1: Called Strike 0-2: Ball 1-2: Strikes out looking
|
Batting: LHB Héctor Santos
|
0-0: Called Strike 0-1: Ball 1-1: Fielders Choice at 2nd, 4-6 (Groundball, 4)
|
Top of the 2nd over - 0 run(s), 2 hit(s), 0 error(s), 1 left on base; Red Deer 0 - Casper 0 |
BOTTOM OF THE 2ND |
Casper Ghosts batting - Pitching for Red Deer Wranglers : RHP José Ramos
|
Batting: RHB Juan García
|
0-0: Swinging Strike 0-1: Ball 1-1: Swinging Strike 1-2: Ground out 5-3 (Groundball, 56S)
|
Batting: SHB José González
|
0-0: Called Strike 0-1: Foul Ball, location: 2F 0-2: Ball 1-2: Ball 2-2: Foul Ball, location: 2F 2-2: Ball 3-2: Foul Ball, location: 2F 3-2: SINGLE (Popup, 6S)
|
Batting: RHB Robert Acosta
|
0-0: Ball 1-0: Called Strike 1-1: Foul Ball, location: 2F 1-2: Strikes out swinging
|
Batting: RHB Mark Arnold
|
0-0: Ball 1-0: Foul Ball, location: 2F 1-1: Ball José González steals 2nd base 2-1: Ball 3-1: Ground out 6-3 (Groundball, 6M)
|
Bottom of the 2nd over - 0 run(s), 1 hit(s), 0 error(s), 1 left on base; Red Deer 0 - Casper 0 |
TOP OF THE 3RD |
Red Deer Wranglers batting - Pitching for Casper Ghosts : RHP Larry Jenkins
|
Batting: RHB Steve Burton
|
0-0: Foul Ball, location: 2F 0-1: Ball 1-1: SINGLE (Groundball, 56S) (infield hit)
|
Batting: RHB Xavier López
|
0-0: Foul Ball, location: 2F 0-1: Ball 1-1: SINGLE (Line Drive, 89S) Steve Burton to second
|
Batting: LHB Jorge Olvera
|
0-0: Called Strike 0-1: Foul Ball, location: 2F 0-2: Strikes out swinging
|
Batting: RHB Ricardo González
|
0-0: Ball 1-0: Foul Ball, location: 2F 1-1: Called Strike 1-2: DOUBLE (Line Drive, 7LD) Steve Burton scores Xavier López to third Runner from 3rd tries for Home, SAFE, no throw
|
Batting: LHB Andrew Veeck
|
0-0: Called Strike 0-1: Ball 1-1: Ball 2-1: Foul Ball, location: 2F 2-2: Strikes out looking
|
Batting: RHB Luis Ibarra
|
0-0: Called Strike 0-1: SINGLE (Flyball, 7LS) Ricardo González to third
|
Batting: SHB Robbie Rhodes
|
0-0: Called Strike 0-1: Ball 1-1: Foul Ball, location: 2F 1-2: Ball 2-2: Ball 3-2: Foul Ball, location: 2F 3-2: Strikes out looking
|
Top of the 3rd over - 2 run(s), 4 hit(s), 0 error(s), 2 left on base; Red Deer 2 - Casper 0 |
BOTTOM OF THE 3RD |
Casper Ghosts batting - Pitching for Red Deer Wranglers : RHP José Ramos
|
Batting: RHB Aurelio Cruz
|
0-0: Ball 1-0: Ball 2-0: Called Strike 2-1: Ground out 1-3 (Groundball, P)
|
Batting: LHB Ralph Cobb
|
0-0: Ball 1-0: DOUBLE (Line Drive, 78XD)
|
Batting: RHB James Jenkins
|
0-0: Foul Ball, location: 2F 0-1: SINGLE (Line Drive, 78S) Ralph Cobb to third Runner from 3rd tries for Home, SAFE, no throw
|
Batting: RHB Júlio Sánchez
|
0-0: Called Strike James Jenkins is caught stealing 2nd base 0-1: Ball 1-1: DOUBLE (Flyball, 9LM)
|
Batting: SHB Dave Henley
|
0-0: Called Strike 0-1: Swinging Strike 0-2: Ball 1-2: Ball 2-2: Fly out, F7 (Flyball, 7S)
|
Bottom of the 3rd over - 1 run(s), 3 hit(s), 0 error(s), 1 left on base; Red Deer 2 - Casper 1 |
TOP OF THE 4TH |
Red Deer Wranglers batting - Pitching for Casper Ghosts : RHP Larry Jenkins
|
Batting: RHB Ben Fisher
|
0-0: Called Strike 0-1: Swinging Strike 0-2: Strikes out swinging
|
Batting: LHB Héctor Santos
|
0-0: Called Strike 0-1: Ball 1-1: Swinging Strike 1-2: Strikes out swinging
|
Batting: RHB Steve Burton
|
0-0: Called Strike 0-1: Ball 1-1: Ball 2-1: Ball 3-1: Base on Balls
|
Batting: RHB Xavier López
|
0-0: Foul Ball, location: 2F 0-1: Ball 1-1: SINGLE (Line Drive, 6D) Steve Burton to second
|
Batting: LHB Jorge Olvera
|
0-0: Called Strike 0-1: Called Strike 0-2: Strikes out looking
|
Top of the 4th over - 0 run(s), 1 hit(s), 0 error(s), 2 left on base; Red Deer 2 - Casper 1 |
BOTTOM OF THE 4TH |
Casper Ghosts batting - Pitching for Red Deer Wranglers : RHP José Ramos
|
Batting: RHB Juan García
|
0-0: Ball 1-0: Foul Ball, location: 2F 1-1: Ball 2-1: Fly out, F9 (Flyball, 9LSF)
|
Batting: SHB José González
|
0-0: Ball 1-0: Called Strike 1-1: Called Strike 1-2: Fly out, F4 (Line Drive, 4D)
|
Batting: RHB Robert Acosta
|
0-0: Ball 1-0: Ball 2-0: Fly out, F8 (Flyball, 89M)
|
Bottom of the 4th over - 0 run(s), 0 hit(s), 0 error(s), 0 left on base; Red Deer 2 - Casper 1 |
TOP OF THE 5TH |
Red Deer Wranglers batting - Pitching for Casper Ghosts : RHP Larry Jenkins
|
Batting: RHB Ricardo González
|
0-0: Foul Ball, location: 2F 0-1: SINGLE (Groundball, 4D)
|
Batting: LHB Andrew Veeck
|
0-0: Foul Ball, location: 2F 0-1: Foul Ball, location: 2F 0-2: Ball 1-2: DOUBLE (Line Drive, 78S) Ricardo González to third
|
Batting: RHB Luis Ibarra
|
0-0: Called Strike 0-1: Ball 1-1: Foul Ball, location: 2F 1-2: Ball 2-2: Ball 3-2: SINGLE (Line Drive, 34D) Ricardo González scores Andrew Veeck to third
|
Pitching: RHP Ray Adams
|
|
Batting: SHB Robbie Rhodes
|
0-0: Called Strike 0-1: Ball 1-1: Ball 2-1: Ball 3-1: Base on Balls Luis Ibarra to second
|
Batting: RHB Ben Fisher
|
0-0: Ball 1-0: Ball 2-0: Foul Ball, location: 2F 2-1: Ball 3-1: Foul Ball, location: 2F 3-2: Base on Balls Andrew Veeck scores Luis Ibarra to third Robbie Rhodes to second
|
Batting: LHB Héctor Santos
|
0-0: Fly out, F8 (Flyball, 8RM)
|
Batting: RHB Steve Burton
|
0-0: Called Strike 0-1: Swinging Strike 0-2: Strikes out swinging
|
Batting: RHB Xavier López
|
0-0: Ball 1-0: Swinging Strike 1-1: Ball 2-1: Ball 3-1: Base on Balls Luis Ibarra scores Robbie Rhodes to third Ben Fisher to second
|
Batting: LHB Jorge Olvera
|
0-0: Called Strike 0-1: Ball 1-1: Foul Ball, location: 2F 1-2: Foul Ball, location: 2F 1-2: GRAND SLAM HOME RUN (Flyball, 89XD), Distance : 416 ft
|
Pitching: LHP Luis Alemán
|
|
Batting: RHB Ricardo González
|
0-0: Called Strike 0-1: Foul Ball, location: 2F 0-2: Ground out 6-3 (Groundball, 6S)
|
Top of the 5th over - 7 run(s), 4 hit(s), 0 error(s), 0 left on base; Red Deer 9 - Casper 1 |
BOTTOM OF THE 5TH |
Casper Ghosts batting - Pitching for Red Deer Wranglers : RHP José Ramos
|
Batting: RHB Mark Arnold
|
0-0: Called Strike 0-1: DOUBLE (Flyball, 9D)
|
Batting: RHB Aurelio Cruz
|
0-0: Ball 1-0: Ground out 4-3 (Groundball, 4) Mark Arnold to third
|
Batting: LHB Ralph Cobb
|
0-0: Ball 1-0: Ball 2-0: Foul Ball, location: 2F 2-1: Foul Ball, location: 2F 2-2: Foul Ball, location: 2F 2-2: Foul Ball, location: 2F 2-2: Ball 3-2: Base on Balls
|
Batting: RHB James Jenkins
|
0-0: Called Strike 0-1: Foul Ball, location: 2F 0-2: Ball 1-2: Strikes out looking Ralph Cobb is caught stealing 2nd base Batter strikes out.
|
Bottom of the 5th over - 0 run(s), 1 hit(s), 0 error(s), 1 left on base; Red Deer 9 - Casper 1 |
TOP OF THE 6TH |
Red Deer Wranglers batting - Pitching for Casper Ghosts : LHP Luis Alemán
|
Batting: LHB Andrew Veeck
|
0-0: Ball 1-0: Called Strike 1-1: Ball 2-1: Ball 3-1: Base on Balls
|
Batting: RHB Luis Ibarra
|
0-0: Ball 1-0: Fly out, F9 (Flyball, 9LM)
|
Batting: SHB Robbie Rhodes
|
0-0: Ball 1-0: Called Strike 1-1: Foul Ball, location: 2F 1-2: Strikes out swinging
|
Batting: RHB Ben Fisher
|
0-0: Ball 1-0: Called Strike 1-1: Foul Ball, location: 2F 1-2: Foul Ball, location: 2F 1-2: Foul Ball, location: 2F 1-2: Foul Ball, location: 2F 1-2: Foul Ball, location: 2F 1-2: Foul Ball, location: 2F 1-2: Ground out U3 (Groundball, 3)
|
Top of the 6th over - 0 run(s), 0 hit(s), 0 error(s), 1 left on base; Red Deer 9 - Casper 1 |
BOTTOM OF THE 6TH |
Casper Ghosts batting - Pitching for Red Deer Wranglers : RHP José Ramos
|
Batting: RHB Júlio Sánchez
|
0-0: Called Strike 0-1: SINGLE (Groundball, 56D)
|
Batting: SHB Dave Henley
|
0-0: Ball 1-0: Swinging Strike 1-1: Swinging Strike 1-2: Ball 2-2: Foul Ball, location: 2F 2-2: Ball 3-2: Foul Ball, location: 2F 3-2: Foul Ball, location: 2F 3-2: Foul Ball, location: 2F 3-2: Strikes out swinging
|
Pitching: RHP Alejandro Arriaza
|
|
Batting: RHB Juan García
|
0-0: Ball 1-0: Ground out 5-3 (Groundball, 56S) Júlio Sánchez to second
|
Batting: SHB José González
|
0-0: Ball 1-0: Ball 2-0: Ball 3-0: Called Strike 3-1: Swinging Strike 3-2: TRIPLE (Line Drive, 89D) Júlio Sánchez scores
|
Batting: RHB Robert Acosta
|
0-0: Called Strike 0-1: SINGLE (Groundball, 6MD) José González scores
|
Batting: RHB Mark Arnold
|
0-0: Ball 1-0: Ball 2-0: SINGLE (Groundball, 56D) Robert Acosta to second
|
Batting: RHB Aurelio Cruz
|
0-0: SINGLE (Line Drive, 7LS) Robert Acosta to third Mark Arnold to second Runner from 3rd tries for Home, SAFE, no throw
|
Batting: LHB Ralph Cobb
|
0-0: Called Strike 0-1: Swinging Strike 0-2: Fly out, F7 (Flyball, 56D)
|
Bottom of the 6th over - 3 run(s), 5 hit(s), 0 error(s), 2 left on base; Red Deer 9 - Casper 4 |
TOP OF THE 7TH |
Red Deer Wranglers batting - Pitching for Casper Ghosts : LHP Luis Alemán
|
Batting: LHB Héctor Santos
|
0-0: Ball 1-0: Ball 2-0: Called Strike 2-1: Called Strike 2-2: Foul Ball, location: 2F 2-2: Foul Ball, location: 2F 2-2: Ball 3-2: Base on Balls
|
Pitching: RHP Jack Hampton
|
|
Batting: RHB Steve Burton
|
0-0: Ball 1-0: Ball 2-0: Ball 3-0: Called Strike 3-1: Called Strike 3-2: Base on Balls Héctor Santos to second
|
Batting: RHB Xavier López
|
0-0: Ball 1-0: Swinging Strike 1-1: Foul Ball, location: 2F 1-2: Strikes out swinging
|
Batting: LHB Jorge Olvera
|
0-0: Ball 1-0: Called Strike 1-1: Foul Ball, location: 2F 1-2: Strikes out swinging
|
Batting: RHB Ricardo González
|
0-0: Called Strike 0-1: Ball 1-1: Ball 2-1: Foul Ball, location: 2F 2-2: SINGLE (Groundball, 34S) (infield hit) Héctor Santos to third Steve Burton to second
|
Batting: LHB Andrew Veeck
|
0-0: Ball 1-0: Ball 2-0: Ball 3-0: Called Strike 3-1: SINGLE (Flyball, 7S) Héctor Santos scores Steve Burton to third Ricardo González to second Runner from 3rd tries for Home, SAFE, no throw
|
Batting: RHB Luis Ibarra
|
Error on foul ball, E5 0-1: Ball 1-1: Foul Ball, location: 2F 1-2: Foul Ball, location: 2F 1-2: Foul Ball, location: 2F 1-2: DOUBLE (Line Drive, 89D) Ricardo González scores Andrew Veeck to third
|
Batting: SHB Robbie Rhodes
|
0-0: Foul Ball, location: 2F 0-1: SINGLE (Groundball, 34D) Andrew Veeck scores Luis Ibarra to third Runner from 3rd tries for Home, SAFE, no throw
|
Batting: RHB Ben Fisher
|
0-0: Fly out, F9 (Flyball, 89M)
|
Top of the 7th over - 5 run(s), 4 hit(s), 1 error(s), 1 left on base; Red Deer 14 - Casper 4 |
BOTTOM OF THE 7TH |
Casper Ghosts batting - Pitching for Red Deer Wranglers : RHP Alejandro Arriaza
|
Batting: RHB James Jenkins
|
0-0: Called Strike 0-1: SINGLE (Groundball, 6S) (infield hit)
|
Batting: RHB Júlio Sánchez
|
0-0: DOUBLE (Flyball, 89D) James Jenkins to third
|
Pinch Runner at 2nd Troy Reed:
|
|
Batting: SHB Dave Henley
|
0-0: Swinging Strike 0-1: SINGLE (Groundball, 4MD) James Jenkins scores Troy Reed to third Runner from 3rd tries for Home, SAFE, no throw
|
Batting: RHB Juan García
|
0-0: Ball 1-0: SINGLE (Groundball, 5D) Dave Henley to second
|
Batting: SHB José González
|
0-0: Fielders Choice at 2nd, 4-6 (Groundball, 4) Dave Henley to third
|
Batting: RHB Robert Acosta
|
0-0: Called Strike José González steals 2nd base 0-1: Fly out, F5 (Line Drive, 56)
|
Batting: RHB Mark Arnold
|
0-0: Ball 1-0: Ball 2-0: Ball 3-0: Foul Ball, location: 2F 3-1: Base on Balls
|
Batting: RHB Aurelio Cruz
|
0-0: Ball 1-0: Fly out, F8 (Flyball, 8RM)
|
Bottom of the 7th over - 2 run(s), 4 hit(s), 0 error(s), 3 left on base; Red Deer 14 - Casper 6 |
TOP OF THE 8TH |
Red Deer Wranglers batting - Pitching for Casper Ghosts : RHP Jack Hampton
|
Now at 2B: Troy Reed
|
|
Batting: LHB Héctor Santos
|
0-0: Ball 1-0: DOUBLE (Line Drive, 9D)
|
Batting: RHB Steve Burton
|
0-0: Ball 1-0: Ball 2-0: SINGLE (Groundball, 56D) Héctor Santos to third
|
Batting: RHB Xavier López
|
0-0: Called Strike 0-1: Foul Ball, location: 2F 0-2: Strikes out looking
|
Batting: LHB Jorge Olvera
|
0-0: Ball 1-0: Called Strike 1-1: Ball 2-1: Ball 3-1: Foul Ball, location: 2F 3-2: Foul Ball, location: 2F 3-2: Strikes out swinging Steve Burton is caught stealing 2nd base Batter strikes out.
|
Top of the 8th over - 0 run(s), 2 hit(s), 0 error(s), 1 left on base; Red Deer 14 - Casper 6 |
BOTTOM OF THE 8TH |
Casper Ghosts batting - Pitching for Red Deer Wranglers : RHP Alejandro Arriaza
|
Pitching: RHP Jeffery Lockhart
|
|
Batting: LHB Ralph Cobb
|
0-0: Ball 1-0: Fly out, F5 (Popup, 5)
|
Batting: RHB James Jenkins
|
0-0: Called Strike 0-1: Ball 1-1: Foul Ball, location: 2F 1-2: Fly out, F8 (Flyball, 8RM)
|
Batting: RHB Troy Reed
|
0-0: Fly out, F8 (Flyball, 8RS)
|
Bottom of the 8th over - 0 run(s), 0 hit(s), 0 error(s), 0 left on base; Red Deer 14 - Casper 6 |
TOP OF THE 9TH |
Red Deer Wranglers batting - Pitching for Casper Ghosts : RHP Jack Hampton
|
Pitching: RHP Vaughn Stanley
|
|
Batting: RHB Ricardo González
|
0-0: Called Strike 0-1: Foul Ball, location: 2F 0-2: SINGLE (Line Drive, 56)
|
Batting: LHB Andrew Veeck
|
0-0: Called Strike 0-1: Ball 1-1: Ball 2-1: Foul Ball, location: 2F 2-2: Foul Ball, location: 2F 2-2: Ball 3-2: Strikes out swinging
|
Batting: RHB Luis Ibarra
|
0-0: Foul Ball, location: 2F 0-1: Ball 1-1: Foul Ball, location: 2F 1-2: Ball 2-2: Foul Ball, location: 2F 2-2: SINGLE (Groundball, 6S) (infield hit) Ricardo González to second
|
Batting: SHB Robbie Rhodes
|
0-0: Ball 1-0: Foul Ball, location: 2F 1-1: Swinging Strike 1-2: Ball 2-2: Ball 3-2: Fielders Choice at 2nd, 6-4 (Groundball, 6) Ricardo González to third
|
Batting: RHB Ben Fisher
|
0-0: Ball 1-0: Ball 2-0: Called Strike 2-1: Foul Ball, location: 2F 2-2: Fly out, F3 (Flyball, 3DF)
|
Top of the 9th over - 0 run(s), 2 hit(s), 0 error(s), 2 left on base; Red Deer 14 - Casper 6 |
BOTTOM OF THE 9TH |
Casper Ghosts batting - Pitching for Red Deer Wranglers : RHP Jeffery Lockhart
|
Batting: SHB Dave Henley
|
0-0: DOUBLE (Line Drive, 7LD)
|
Batting: RHB Juan García
|
0-0: Ball 1-0: Ball 2-0: Ball 3-0: Base on Balls
|
Batting: SHB José González
|
0-0: Called Strike 0-1: Ball Wild Pitch! Dave Henley to third Juan García to second 1-1: Foul Ball, location: 2F 1-2: Ball 2-2: Strikes out swinging
|
Batting: RHB Robert Acosta
|
0-0: Foul Ball, location: 2F 0-1: Ball 1-1: Swinging Strike 1-2: SINGLE (Groundball, 6M) (infield hit) Dave Henley scores Juan García to third
|
Batting: RHB Mark Arnold
|
0-0: Foul Ball, location: 2F 0-1: Ball 1-1: DOUBLE (Line Drive, 7LM) Juan García scores Robert Acosta to third Runner from 3rd tries for Home, SAFE, no throw
|
Batting: RHB Aurelio Cruz
|
0-0: Ground out 5-3 (Groundball, 56)
|
Batting: LHB Ralph Cobb
|
0-0: Ball 1-0: Ball 2-0: Ball 3-0: Base on Balls
|
Batting: RHB James Jenkins
|
0-0: Ball 1-0: Ball 2-0: Ball 3-0: Called Strike 3-1: SINGLE (Line Drive, 56D) Mark Arnold to third Ralph Cobb to second Runner from 3rd tries for Home, SAFE, no throw
|
Batting: RHB Troy Reed
|
0-0: Called Strike 0-1: SINGLE (Groundball, 5L) (infield hit) Ralph Cobb to third James Jenkins to second
|
Batting: SHB Dave Henley
|
0-0: Ball 1-0: Foul Ball, location: 2F 1-1: Foul Ball, location: 2F 1-2: Ball 2-2: Ground out 5-3 (Groundball, 56S)
|
Bottom of the 9th over - 4 run(s), 5 hit(s), 0 error(s), 3 left on base; Red Deer 14 - Casper 10 |
|